 Dungeon Crawl Stone Soup version 0.29.1 (webtiles) character file.

Game seed: 17289443859180098356

5093 Ijustatesigmund the Fighter (level 10, -1/68 HPs)
             Began as a Gargoyle Fighter on Sept 13, 2022.
             Was a Priest of Cheibriados.
             Slain by a tengu warrior
             ... wielding a +0 bardiche of flaming
              (2 damage)
             ... on level 7 of the Dungeon.
             The game lasted 00:14:12 (7693 turns).

Ijustatesigmund the Fighter (Gargoyle Fighter)      Turns: 7693, Time: 00:14:13

Health: -1/68      AC: 22    Str: 36    XL:     10   Next: 57%
Magic:  13/15      EV: 13    Int: 19    God:    Cheibriados [***...]
Gold:   273        SH:  6    Dex: 17    Spells: 9/9 levels left

rFire   . . .      SeeInvis .   a - +1 flail (vorpal)
rCold   . . .      Faith    .   c - +1 buckler
rNeg    + . .      Spirit   .   b - +0 chain mail
rPois   ∞          Reflect  .   m - +1 helmet
rElec   +          Harm     .   g - +1 cloak
rCorr   .          Rampage  .   (no gloves)
Will    .....                   (no boots)
Stlth   ..........              (no amulet)
HPRegen 0.21/turn               f - +6 ring of strength
MPRegen 0.14/turn               h - +4 ring of evasion

@: very slow
A: sickness immunity, AC +7, negative energy resistance 1, electricity
resistance, torment resistance 1, petrification resistance
a: Renounce Religion, Bend Time, Temporal Distortion


You were on level 7 of the Dungeon.
You worshipped Cheibriados.
Cheibriados was most pleased with you.
You visited 2 branches of the dungeon, and saw 8 of its levels.

You collected 323 gold pieces.
You spent 50 gold pieces at shops.

Inventory:

Hand Weapons
 a - a +1 vorpal flail (weapon)
 u - a +0 morningstar
Armour
 b - a +0 chain mail (worn)
 c - a +1 buckler (worn)
 g - a +1 cloak (worn)
 m - a +1 helmet (worn)
Jewellery
 f - a +6 ring of strength (left hand)
 h - a +4 ring of evasion (right hand)
 j - a ring of ice
 p - a ring of wizardry
 t - an amulet of magic regeneration
 y - a ring of fire
Scrolls
 e - 5 scrolls of identify
 s - 2 scrolls of amnesia
 w - a scroll of immolation
Potions
 i - 6 potions of curing
 k - 3 potions of brilliance
 l - a potion of mutation
 n - 4 potions of haste
 o - a potion of flight
 r - a potion of lignification


   Skills:
 + Level 9.8 Fighting
 + Level 8.6 Maces & Flails
 + Level 8.3 Armour
 - Level 3.3 Shields
 + Level 7.4 Invocations


You had 9 spell levels left.
You didn't know any spells.
Your spell library contained the following spells:

 Spells                   Type           Power      Damage    Failure   Level
 Foxfire                  Conj/Fire      0%         2x1d4     65%         1
 Conjure Flame            Conj/Fire      0%         6-21      95%         3
 Inner Flame              Hex/Fire       0%         N/A       95%         3
 Spider Form              Tmut/Pois      0%         N/A       95%         3
 Stone Arrow              Conj/Erth      0%         3d7       95%         3
 Animate Armour           Summ/Erth      0%         N/A       100%        4
 Flame Wave               Conj/Fire      0%         2d4       100%        4
 Blade Hands              Tmut           0%         N/A       100%        5
 Freezing Cloud           Conj/Ice/Air   0%         6-21      100%        5
 Dragon Form              Tmut           0%         N/A       100%        7
 Lehudib's Crystal Spear  Conj/Erth      0%         10d2      100%        8


Dungeon Overview and Level Annotations

Branches:
Dungeon (7/15)             Temple (1/1) D:4

Altars:
Cheibriados
Dithmenos
Elyvilon
Fedhas
Hepliaklqana
Kikubaaqudgha
Makhleb
Nemelex Xobeh
Okawaru
Qazlal
Sif Muna
Trog
Vehumet
Wu Jian
Yredelemnul
Zin
The Shining One

Shops:
D:3 !   D:6 (


Innate Abilities, Weirdness & Mutations

You are immune to sickness and miasma.
Your stone body is resilient. (AC +7)
You are immune to poison.
You resist negative energy. (rN+)
You are resistant to electric shocks. (rElec)
You are resistant to unholy torment.
You are immune to petrification.


Message History

You block the tengu warrior's attack.
The tengu warrior pecks you but does no damage.
The tengu warrior claws you but does no damage.
You closely miss the tengu warrior.
The tengu warrior is moderately wounded.
The tengu warrior hits you but does no damage.
You block the tengu warrior's attack. x2
You closely miss the tengu warrior.
The tengu warrior is moderately wounded.
You closely miss the tengu warrior.
The tengu warrior is moderately wounded.
The tengu warrior hits you with a +0 bardiche of flaming.
The tengu warrior burns you.
The tengu warrior pecks you but does no damage.
The tengu warrior claws you but does no damage.
You barely miss the tengu warrior.
The tengu warrior is moderately wounded.
The tengu warrior is no longer moving slowly.
You block the tengu warrior's attack. x2
The tengu warrior claws you but does no damage.
You barely miss the tengu warrior.
The tengu warrior is moderately wounded.
The tengu warrior hits you with a +0 bardiche of flaming!
* * * LOW HITPOINT WARNING * * *
The tengu warrior burns you.
* * * LOW HITPOINT WARNING * * *
The tengu warrior pecks you.
* * * LOW HITPOINT WARNING * * *
The tengu warrior completely misses you.
You hit the tengu warrior.
The tengu warrior is heavily wounded.
The tengu warrior closely misses you.
The tengu warrior pecks you but does no damage.
You block the tengu warrior's attack.
You barely miss the tengu warrior.
The tengu warrior is heavily wounded.
The tengu warrior hits you with a +0 bardiche of flaming.
* * * LOW HITPOINT WARNING * * *
The tengu warrior burns you.
You die...

#.≈~)♣
♣.♣♣♣♣♣♣♣♣♣.♣
♣♣.♣ #.≈..♣
♣.♣.. ♣.♣
♣♣♣. #..♣♣♣
♣.♣.♣ ♣.♣
♣... #♣...♣
♣.♣.♣ ♣.♣
#.###
#♣.♣♣♣♣♣.♣.♣
♣.♣ ♣ #.#
#........♣{♣
♣.♣ #⌠'
#♣♣♣.♣♣♣.♣{♣
♣.♣ ♣ #.#
♣P)♣ ♣.♣Q♣
♣.♣ #.###
♣P≈.♣
♣.♣@♣♣♣♣♣♣♣.♣
♣..) #..~.♣
♣.♣.........♣
♣♣♣. #.♣≈)♣
♣.♣♣♣♣♣♣♣♣♣♣♣
♣♣†♣ #...P♣
♣.. ♣.♣♣ #
♣.♣♣ ♣♣♣ ♣♣.♣
♣. ♣.♣ ♣♣.♣
#♣.♣. #.♣♣♣


You could see a tengu warrior.

Vanquished Creatures
  A hydra (D:7)
  A troll (D:7)
  A hornet (D:7)
  A wraith (D:7)
  5 yaks (D:5)
  Eustachio (D:5)
  A wyvern (D:7)
  A water moccasin (D:7)
  An orc warrior (D:6)
  An ice beast (D:5)
  A sky beast (D:7)
  2 black bears
  A centaur (D:7)
  A phantom (D:5)
  A kobold brigand (D:7)
  4 bullfrogs
  2 necrophages
  4 scorpions
  4 wights (D:7)
  2 howler monkeys
  4 hounds
  A gnoll bouda (D:5)
  4 orc priests
  A jelly (D:6)
  Natasha (thrice) (D:2)
  7 iguanas
  3 orc wizards (D:6)
  4 gnolls (D:5)
  11 adders
  A river rat (D:6)
  A shadow imp (D:5)
  A white imp (D:7)
  3 dart slugs
  29 orcs
  5 bats
  11 endoplasms
  3 giant cockroaches
  4 goblins
  9 hobgoblins
  4 jackals (D:2)
  7 quokkas
  10 ball pythons
  5 frilled lizards
  15 kobolds
  3 rats
185 creatures vanquished.

Vanquished Creatures (others)
  A tengu warrior (D:7)
  A wight (D:7)
  A howler monkey (D:7)
  2 plants (D:7)
5 creatures vanquished.

Grand Total: 190 creatures vanquished

Notes
Turn   | Place    | Note
-------+----------+-------------------------------------------
     0 | D:1      | Ijustatesigmund the Gargoyle Fighter began the quest for
                  | the Orb.
     0 | D:1      | Reached XP level 1. HP: 14/14 MP: 1/1
   206 | D:1      | Reached XP level 2. HP: 18/19 MP: 2/2
   539 | D:1      | HP: 1/20 [quokka (3)]
   892 | D:1      | Reached XP level 3. HP: 24/24 MP: 3/3
   903 | D:1      | Reached skill level 4 in Fighting
  1266 | D:2      | Noticed Natasha
  1291 | D:2      | Killed Natasha
  1292 | D:2      | Reached XP level 4. HP: 18/30 MP: 4/4
  1713 | D:2      | Reached skill level 5 in Fighting
  1713 | D:2      | Reached XP level 5. HP: 16/35 MP: 5/5
  2132 | D:2      | Found a radiant altar of Vehumet.
  2246 | D:2      | Noticed Natasha
  2255 | D:2      | Killed Natasha
  2318 | D:2      | Noticed Natasha
  2325 | D:2      | Killed Natasha
  2326 | D:2      | Reached XP level 6. HP: 38/40 MP: 6/6
  2586 | D:2      | You fall into a shaft and drop 2 floors!
  2766 | D:3      | Reached skill level 6 in Fighting
  2863 | D:2      | Reached skill level 5 in Maces & Flails
  2978 | D:3      | Found Tak Azaurgh's Distillery.
  3273 | D:3      | Got the Quarto of Gelid Moulding
  3281 | D:3      | Bought a potion of berserk rage for 50 gold pieces
  3517 | D:4      | Found a staircase to the Ecumenical Temple.
  3533 | Temple   | Entered the Ecumenical Temple
  3624 | Temple   | Became a worshipper of Cheibriados the Contemplative
  4148 | D:5      | Entered Level 5 of the Dungeon
  4155 | D:5      | Reached XP level 7. HP: 46/46 MP: 7/7
  4169 | D:5      | Noticed Eustachio
  4183 | D:5      | Reached skill level 1 in Invocations
  4203 | D:5      | Killed Eustachio
  4385 | D:5      | Reached * piety under Cheibriados
  4648 | D:5      | Reached XP level 8. HP: 45/52 MP: 8/10
  4690 | D:5      | Noticed a yak
  4690 | D:5      | Noticed a yak
  4690 | D:5      | Noticed a yak
  4695 | D:5      | Noticed a yak
  4696 | D:5      | Noticed a yak
  4699 | D:5      | Killed a yak
  4700 | D:5      | Reached skill level 7 in Fighting
  4712 | D:5      | Killed a yak
  4713 | D:5      | Reached skill level 5 in Armour
  4721 | D:5      | Killed a yak
  4725 | D:5      | Killed a yak
  4732 | D:5      | Killed a yak
  4902 | D:5      | Reached XP level 9. HP: 57/59 MP: 12/12
  5354 | D:5      | Reached skill level 8 in Fighting
  5505 | D:6      | Found Ziref's Antique Weapon Boutique.
  5967 | D:6      | Reached skill level 5 in Invocations
  5981 | D:6      | Reached ** piety under Cheibriados
  6617 | D:7      | Noticed a hornet
  6623 | D:7      | Killed a hornet
  6664 | D:7      | Noticed a troll
  6673 | D:7      | Killed a troll
  6908 | D:7      | Found a sparkling altar of Nemelex Xobeh.
  6963 | D:7      | Reached skill level 9 in Fighting
  6979 | D:7      | Reached XP level 10. HP: 49/66 MP: 14/14
  7129 | D:7      | Reached *** piety under Cheibriados
  7328 | D:7      | Noticed a four-headed hydra
  7338 | D:7      | Killed a four-headed hydra
  7527 | D:7      | Noticed a tengu warrior
  7534 | D:7      | Killed a tengu warrior
  7662 | D:7      | Noticed a tengu warrior
  7693 | D:7      | HP: 1/68 [tengu warrior/+0 bardiche of flaming (4)]
  7693 | D:7      | Slain by a tengu warrior

Illustrated notes

Levels and vault maps discovered:
D:1:      dpeg_arrival_connections, layout_loops_ring
D:2:      minmay_spotlight, layout_loops_ring, basic_altar, minivault_14,
          uniq_natasha
D:3:      wander_river, layout_rooms, serial_shops, nicolae_shop_window_shopping
D:4:      layout_basic, minmay_temple_entry_wispy
D:5:      layout_loops_corners, uniq_eustachio
D:6:      layout_basic, gup_sewer_entry_spiral, nicolae_stop_n_shop_2
D:7:      nzn_winding_woodlands_large [nzn_winding_woodlands_5x5_three,
          nzn_winding_woodlands_5x15_pathside_ponds,
          nzn_winding_woodlands_5x5_default,
          nzn_winding_woodlands_center_diamonds,
          nzn_winding_woodlands_15x15_boxy_spiral,
          nzn_winding_woodlands_center_lodge,
          nzn_winding_woodlands_5x5_closed_star,
          nzn_winding_woodlands_5x15_cabin,
          nzn_winding_woodlands_5x5_perimeter], layout_basic,
          mainiacjoe_overflow_brackets
Temple:   compressed_dpeg_triangle_lava_temple

Skill      XL: |  1  2  3  4  5  6  7  8  9 10 |
---------------+-------------------------------+-----
Fighting       | 4 5 6 7 9 |  9.8
Maces & Flails | 3 4 5 6 7 8 |  8.6
Invocations    | 2 4 6 7 |  7.4
Armour         | 4 5 7 8 |  8.3
Shields        | |  3.3

Action                   |  1- 3 |  4- 6 |  7- 9 | 10-12 || total
-------------------------+-------+-------+-------+-------++-------
Melee: Flail             |    85 |   197 |   254 |   101 ||   637
Invok: Bend Time         |       |       |       |     1 ||     1
  Use: Scroll            |     3 |    11 |     4 |     2 ||    20
       Potion            |     1 |       |     3 |     5 ||     9
 Stab: Invisible         |       |       |       |     2 ||     2
Armor: Scale mail        |    22 |       |       |       ||    22
       Chain mail        |    19 |    97 |   103 |    75 ||   294
Dodge: Dodged            |    37 |    94 |   158 |    68 ||   357
Block: Buckler           |    16 |    38 |    44 |    35 ||   133
